 Dungeon Crawl Stone Soup version 0.30-a0-585-g93115170b9 (webtiles) character file.

Game seed: 7918432858490288936

14 avis the Grasshopper (level 2, 0/25 HPs)
             Began as a Demigod Warper on Jan 2, 2023.
             Slain by an adder (1 damage)
             ... on level 2 of the Dungeon on Jan 3, 2023.
             The game lasted 00:07:12 (991 turns).

avis the Grasshopper (Demigod Warper)                Turns: 991, Time: 00:07:13

Health: 0/25       AC:  4    Str: 12    XL:     2   Next: 18%
Magic:  7/7        EV: 11    Int: 15    God:
Gold:   63         SH:  0    Dex: 13    Spells: 2/4 levels left

rFire   . . .      SeeInvis .    a - +0 falchion
rCold   . . .      Faith    .    (no shield)
rNeg    . . .      Spirit   .    b - +0 leather armour
rPois   .          Reflect  .    (no helmet)
rElec   .          Harm     .    (no cloak)
rCorr   .          Rampage  .    (no gloves)
Will    .....                    j - +0 pair of boots
Stlth   +                        (no amulet)
HPRegen 0.24/turn                (no ring)
MPRegen 0.10/turn                (no ring)

@: lethally poisoned (0 -> -3)
A: high MP 1, forlorn, divine attributes
a: no special abilities


You were on level 2 of the Dungeon.
You visited 1 branch of the dungeon, and saw 2 of its levels.

You collected 63 gold pieces.

Inventory:

Hand Weapons
 a - a +0 falchion (weapon)
Missiles
 d - 7 boomerangs of dispersal (quivered)
Armour
 b - a +0 leather armour (worn)
 j - a +0 pair of boots (worn)
Scrolls
 c - 2 scrolls of blinking
 h - a scroll of noise {unknown}
 i - 2 scrolls of identify {unknown}
 l - a scroll of enchant armour {unknown}
 n - a scroll of teleportation {unknown}
 o - a scroll of fear {unknown}
Potions
 e - 3 potions of resistance {unknown}
 f - a potion of brilliance {unknown}
 g - 2 potions of lignification {unknown}
 k - a potion of magic {unknown}
 m - a potion of might {unknown}


   Skills:
 * Level 2.4 Fighting
 - Level 1.7 Long Blades
 - Level 0.8 Throwing
 - Level 0.8 Armour
 - Level 1.7 Dodging
 - Level 1.0 Stealth
 - Level 1.7 Spellcasting
 - Level 2.6 Translocations


You had 2 spell levels left.
You knew the following spells:

 Your Spells              Type           Power      Damage    Failure   Level
b - Blink                 Tloc           18%        N/A       14%         2

Your spell library contained the following spells:

 Spells                   Type           Power      Damage    Failure   Level
 Sandblast                Erth           2%         2d4       28%         1
 Passwall                 Tmut/Erth      0%         N/A       41%         2
 Lesser Beckoning         Tloc           18%        N/A       28%         3
 Teleport Other           Tloc           9%         N/A       28%         3
 Vhi's Electric Charge    Tloc/Air       10%        N/A       45%         3
 Stone Arrow              Conj/Erth      2%         3d7       65%         3
 Manifold Assault         Tloc           9%         N/A       67%         4
 Storm Form               Tmut/Air       0%         N/A       100%        7


Dungeon Overview and Level Annotations

Branches:
Dungeon (2/15)


Innate Abilities, Weirdness & Mutations

You have an increased reservoir of magic. (+10% MP)
You shall have no god before yourself.
Your divine heritage dramatically boosts your attributes as you level up.


Message History

You hit the adder.
The adder is lightly wounded.
You feel sick. The adder bites you but does no damage.
You hit the adder but do no damage.
The adder is lightly wounded.
You feel sick.
You are no longer poisoned.
The adder barely misses you. The adder misses you.
You hit the adder.
The adder is heavily wounded.
The adder closely misses you.
You closely miss the adder.
The adder is heavily wounded.
The adder bites you.
You are poisoned.
The adder poisons you! The adder bites you.
You miss the adder.
The adder is heavily wounded.
You feel sick. The adder bites you.
You are lethally poisoned!
The adder poisons you!
You hit the adder.
The adder is almost dead.
You feel very sick.
The adder bites you but does no damage. x2
You completely miss the adder.
The adder is almost dead.
* * * LOW HITPOINT WARNING * * *
You feel sick. The adder bites you but does no damage.
The adder closely misses you.
You closely miss the adder.
The adder is almost dead.
* * * LOW HITPOINT WARNING * * *
You feel sick. The adder bites you.
* * * LOW HITPOINT WARNING * * *
You closely miss the adder.
The adder is almost dead.
* * * LOW HITPOINT WARNING * * *
You feel sick. The adder bites you.
You die...

#.. ###... #.# #.#... #.# ..#...
#^# #.#... #.# #.#... #.# #.#...
#######################.####.#.##
...............S@................
#######################.####.#.##
#.####.#... #......####
########### ........ .#####..
...... .......


You could see an adder.

Vanquished Creatures
  2 endoplasms (D:1)
  A goblin (D:1)
  2 hobgoblins (D:1)
  4 ball pythons (D:1)
  2 bats (D:1)
  A kobold (D:1)
  2 rats
14 creatures vanquished.

Notes
Turn   | Place    | Note
-------+----------+-------------------------------------------
     0 | D:1      | avis the Demigod Warper began the quest for the Orb.
     0 | D:1      | Reached XP level 1. HP: 17/17 MP: 5/5
   158 | D:1      | Reached skill level 1 in Stealth
   279 | D:1      | Reached XP level 2. HP: 15/24 MP: 7/7
   685 | D:1      | Learned a level 2 spell: Blink
   991 | D:2      | HP: 1/25 [poisoned by an adder]
   991 | D:2      | Slain by an adder

Illustrated notes

Levels and vault maps discovered:
D:1:      dpeg_arrival_lava_temple_mockup, layout_basic
D:2:      layout_basic

Skill      XL: |  1 |
---------------+----+-----
Stealth        | 1 |  1.0
Fighting       | 2 |  2.4
Long Blades    | |  1.7
Throwing       | |  0.8
Armour         | |  0.8
Dodging        | |  1.7
Spellcasting   | |  1.7
Translocations | |  2.6

Action                   || total
-------------------------++-------
Melee: Falchion          ||    65
       Punch             ||     1
 Stab: Sleeping          ||     3
Armor: Leather armour    ||    21
Dodge: Dodged            ||    41

Table legend: (Time is in decaauts)
 A = Elapsed time spent in this place.
 B = Non-inter-level travel time spent in this place.
 C = Inter-level travel time spent in this place.
 D = Time resting spent in this place.
 E = Time spent auto-exploring this place.
 F = Levels seen in this place.
 G = Mean time per level.
                   A        B        C        D        E       F      G
               +--------+--------+--------+--------+--------+-----+--------+
         Total |   1005 |    837 |    168 |    101 |    478 |   2 |  502.5 |
       Dungeon |   1005 |    837 |    168 |    101 |    478 |   2 |  502.5 |
               +--------+--------+--------+--------+--------+-----+--------+

Top non-repeatable levels by time:
     D:1: 871 daAuts
     D:2: 133 daAuts
